 Dungeon Crawl Stone Soup version 0.16.1-2-g95b8d4c (webtiles) character file.

327 Riddley the Cutter (level 6, -1/42 HPs)
             Began as a High Elf Fighter on Mar 25, 2015.
             Killed by nerve-wracking pain
             ... invoked by Menkaure
              (5 damage)
             ... on level 4 of the Dungeon.
             The game lasted 00:19:35 (4302 turns).

Riddley the Cutter (High Elf Fighter)               Turns: 4302, Time: 00:19:35

Health: -1/42      AC: 12    Str: 17    XL:     6   Next: 24%
Magic:  19/19      EV:  8    Int: 12    God:
Gold:   139        SH:  9    Dex: 15    Spells: 0 memorised, 5 levels left

rFire  . . .     SeeInvis +     k - +0 dagger (protect)
rCold  . . .     Clarity  .     b - +0 scale mail
rNeg   . . .     SustAb   .     c - +0 shield
rPois  .         Gourm    .     (no helmet)
rElec  .         Spirit   .     (no cloak)
rCorr  .         Warding  .     (no gloves)
rMut   +         Stasis   .     (no boots)
MR     .....                    t - amulet of resist mutation
Stlth  ..........               i - ring of see invisible
                                l - ring of magical power

@: not resistant to hostile enchantments, extremely unstealthy
A: no striking features
a: no special abilities


You were on level 4 of the Dungeon.
You were not hungry.

You visited 1 branch of the dungeon, and saw 4 of its levels.

You collected 139 gold pieces.

Inventory:

Hand weapons
 a - a +0 rapier
 k - a +0 dagger of protection (weapon)
 A - a cursed -2 dire flail
Armour
 b - a +0 scale mail (worn)
 c - a +0 shield (worn)
 u - a +2 helmet
Jewellery
 f - an uncursed ring of stealth
 i - a ring of see invisible (right hand)
 l - a ring of magical power (left hand)
 m - an uncursed ring of ice
 t - an amulet of resist mutation (around neck)
Magical devices
 e - a wand of flame (44)
 w - a wand of confusion (11)
Scrolls
 g - a scroll of amnesia
 h - 3 scrolls of identify
 o - a scroll of noise
 q - 2 scrolls of teleportation
Comestibles
 d - 2 bread rations
 z - a beef jerky


   Skills:
 + Level 3.4 Fighting
 * Level 4.7 Short Blades
 + Level 3.9 Armour
 + Level 2.3 Dodging
 + Level 0.5 Stealth
 + Level 3.9 Shields


You had 5 spell levels left.
You didn't know any spells.

Dungeon Overview and Level Annotations

Branches:
Dungeon (4/15)
 Temple: D:4-7

Altars:
Sif Muna

Shops:
D:4 :

Annotations:
D:4 Dowan, Duvessa, Menkaure


Message History

You climb downwards.
Level annotation: Dowan, Duvessa
There is a stone staircase leading up, spattered with blood here.
You open the door.
There is an open door here.
You open the door.
Found a trident and a stone.
There is an open door here.
You see here a trident.
Menkaure, Prince of Dust comes into view.
Menkaure shouts!
Menkaure calls on the powers of darkness!
Your body is wracked with pain!
Menkaure hits you.
Menkaure gestures at you while chanting.
Pain shoots through your body!
* * * LOW HITPOINT WARNING * * *
Menkaure gestures at you while chanting.
Pain shoots through your body!
You die...

.........# #........#
+........+
#........####
#............
#......(.#######
#.........)....####
####'###.###....M.# #.#
#.# #@#.##.# .
##'###.###.#.##.# ...#
#........#.#.##.#
.....##........#.#.##.#
...............#.#.##.#
....##.........#.#.##.#
#....#.........#.#.##.#
#.##.........###.#.##.#
#..#.............# #..


You could see Menkaure.

Vanquished Creatures
  Edmund (D:3)
  A scorpion (D:3)
  A hound (D:3)
  3 adders
  A shadow imp (D:3)
  2 worms
  3 giant geckos
  2 oozes
  3 orcs
  6 bats
  A bat zombie (D:3)
  3 giant cockroaches
  6 hobgoblins
  2 quokkas (D:2)
  5 giant newts
  11 goblins
  11 jackals
  2 jackal zombies (D:3)
  6 kobolds
  A quokka skeleton (D:4)
  8 rats
79 creatures vanquished.

Notes
Turn   | Place    | Note
--------------------------------------------------------------
     0 | D:1      | Riddley, the High Elf Fighter, began the quest for the Orb.
     0 | D:1      | Reached XP level 1. HP: 16/16 MP: 2/2
   192 | D:1      | Reached XP level 2. HP: 17/21 MP: 3/3
   802 | D:2      | Reached XP level 3. HP: 26/26 MP: 5/5
   972 | D:2      | Found a deep blue altar of Sif Muna.
  1600 | D:3      | Reached XP level 4. HP: 23/31 MP: 7/7
  1605 | D:3      | Reached skill level 1 in Dodging
  2594 | D:4      | Reached skill level 4 in Short Blades
  2628 | D:4      | Found Cavec's Book Emporium.
  2630 | D:4      | Noticed Duvessa
  2630 | D:4      | Noticed Dowan
  2685 | D:3      | Reached XP level 5. HP: 25/36 MP: 8/8
  3047 | D:4      | Noticed Edmund
  3174 | D:4      | HP: 1/36 [Edmund/enchanted dire flail (3)]
  3188 | D:3      | Killed Edmund
  3188 | D:3      | Reached XP level 6. HP: 22/42 MP: 10/10
  3916 | D:3      | HP: 2/42 [poisoned by Duvessa]
  3924 | D:3      | HP: 2/42 [poisoned by Duvessa]
  4296 | D:4      | Noticed Menkaure
  4302 | D:4      | Killed from afar by Menkaure

Action                   |  1- 3 |  4- 6 || total
-------------------------+-------+-------++-------
Melee: Rapier            |   162 |   198 ||   360
  Use: Potion            |     2 |     8 ||    10
       Scroll            |       |     8 ||     8
  Eat: Chunk             |     2 |     5 ||     7
       Pizza             |       |     1 ||     1
       Meat ration       |       |     1 ||     1
       Fruit             |       |     1 ||     1
